 Dungeon Crawl Stone Soup version 0.28.0-53-g5a82cb258f (webtiles) character file.

Game seed: 9142394461041154256

0 Descartes the Sneak (level 1, 0/11 HPs)
             Began as a Vine Stalker Delver on May 21, 2022.
             Slain by a phantom (1 damage)
             ... on level 4 of the Dungeon.
             The game lasted 00:00:34 (48 turns).

Descartes the Sneak (Vine Stalker Delver)             Turns: 48, Time: 00:00:35

Health: 0/11       AC:  3    Str: 14    XL:     1   Next: 0%
Magic:  0/2        EV: 11    Int: 10    God:
Gold:   19         SH:  0    Dex: 15    Spells: 0/0 levels left

rFire   . . .      SeeInvis .   a - +0 short sword
rCold   . . .      Faith    .   (no shield)
rNeg    . . .      Spirit   +   b - +0 leather armour
rPois   .          Reflect  .   (no helmet)
rElec   .          Harm     .   (no cloak)
rCorr   .          Rampage  .   (no gloves)
Will    .....                   (no boots)
Stlth   +++.......              (no amulet)
HPRegen 0.03/turn               (no ring)
MPRegen 0.08/turn               (no ring)

@: no status effects
A: fangs 2, magic shield, antimagic bite, no potion heal 2
a: no special abilities


You were on level 4 of the Dungeon.
You visited 1 branch of the dungeon, and saw 2 of its levels.

You collected 19 gold pieces.

Inventory:

Hand Weapons
 a - a +0 short sword (weapon)
Armour
 b - a +0 leather armour (worn)
Wands
 g - a wand of digging (3)
Scrolls
 c - a scroll of fog
 d - a scroll of magic mapping
 e - a scroll of fear
Potions
 f - a potion of haste


   Skills:
 + Level 2.6 Fighting
 + Level 1.7 Short Blades
 - Level 1.5 Dodging
 - Level 6.0 Stealth


You couldn't memorise any spells.
You didn't know any spells.
Your spell library was empty.

Dungeon Overview and Level Annotations

Branches:
Dungeon (5/15)
 Temple: D:4-7

Altars:


Innate Abilities, Weirdness & Mutations

You have extremely sharp teeth.
When hurt, damage is shared between your health and your magic reserves.
Your bite disrupts and absorbs the magic of your enemies.
Potions cannot restore your health.


Message History

You hit the phantom.
The phantom is moderately damaged.
The phantom hits you.
* * * LOW HITPOINT WARNING * * *
The phantom blinks!
You blink. 2 orcs come into view.
An orc wizard comes into view. It is wielding a +0 dagger.
The orc wizard shouts!
You hear a shout!
An orc comes into view. It is wielding a +2 flail of venom.
The orc shouts!
You see here 19 gold pieces.
You now have 19 gold pieces.
The phantom hits you but does no damage.
Found 13 gold pieces.
Found a scroll labelled ONKUABB KEJI.
Found a stone staircase leading up.
The orc wizard mumbles some strange words.
The orc wizard flickers and vanishes!
Deactivating autopickup; reactivate with Ctrl-A.
Found a runed ivory wand.
Found a robe.
There is a stone staircase leading up here.
The phantom closely misses you.
You climb upwards.
The orc shouts!
Reactivating autopickup.
The orc wizard shouts!
There is a stone staircase leading down here.
An endoplasm comes into view.
Found a mace.
The phantom hits you.
* * * LOW HITPOINT WARNING * * *
The orc wizard mumbles some strange words.
The orc wizard flickers and vanishes!
Deactivating autopickup; reactivate with Ctrl-A.
Found a black potion.
The helpless endoplasm fails to defend itself.
You impale the endoplasm!!
You kill the endoplasm!
The phantom hits you.
You die...

..o...##.##.#
#......o....#.#
#..oo..o......#
###..###o######
##..###.#
........##
#######...#
#)W.# #.@.#
#...# #...#
..... .......
........!
####...####
#...#


You could see a phantom and 3 orcs.

Vanquished Creatures
  An endoplasm (D:4)
1 creature vanquished.

Notes
Turn   | Place    | Note
-------+----------+-------------------------------------------
     0 | D:5      | Descartes the Vine Stalker Delver began the quest for the
                  | Orb.
     0 | D:5      | Reached XP level 1. HP: 11/11 MP: 2/2
    16 | D:5      | Noticed a phantom
    23 | D:5      | Noticed an iguana
    25 | D:5      | Noticed an orc wizard
    40 | D:4      | Noticed an orc wizard
    48 | D:4      | Slain by a phantom

Illustrated notes

Levels and vault maps discovered:
D:4:      layout_loops_cross, grunt_decor_cap, uniq_pikel
D:5:      layout_cave_pods, general_overflow_altar, minmay_temple_entry_wispy

Action                   || total
-------------------------++-------
Melee: Short sword       ||     5
       Bite              ||     2
 Stab: Sleeping          ||     1
Armor: Leather armour    ||     1
Dodge: Dodged            ||     1
